 Dungeon Crawl Stone Soup version 0.32-a0-673-g3729bd50f8 (webtiles) character file.

Game seed: 2557613732258942561

39 910rd the Changeling (level 3, 0/42 HPs)
             Began as a Draconian Shapeshifter on Mar 10, 2024.
             Slain by a gnoll
             ... wielding a +0 halberd
              (2 damage)
             ... on level 2 of the Dungeon.
             The game lasted 00:03:22 (1066 turns).

910rd the Changeling (Draconian Shapeshifter)       Turns: 1066, Time: 00:03:22

Health: 0/42       AC: 21    Str: 18    XL:     3   Next: 26%
Magic:  3/3        EV:  2    Int: 10    God:
Gold:   80         SH:  0    Dex: 10    Spells: 2/2 levels left

rFire   . .          .
                       - Unarmed
rCold   . . .        (no shield)
rNeg    . . .        (body armour unavailable)
rPois   +            (helmet currently unavailable)
rElec   .            d - melded scarf {repulsion}
rCorr   .            (gloves currently unavailable)
SInv    .            (boots currently unavailable)
Will    .....        (no amulet)
Stlth   +            (no ring)
HPRegen 0.27/turn    (no ring)
MPRegen 0.08/turn

%: no passive effects
@: tree-form
A: stationary, stasis, torment immunity, boosted hp, AC +5, unfitting armour,
(cold-blooded)
a: no special abilities


You were on level 2 of the Dungeon.
You were a tree.
You visited 1 branch of the dungeon, and saw 2 of its levels.

You collected 80 gold pieces.

Inventory:

Missiles
 i - 6 atropa-tipped darts (quivered)
Armour
 d - a scarf of repulsion (melded)
Jewellery
 j - a ring of see invisible
Talismans
 b - a beast talisman (active)
 c - a flux talisman
Scrolls
 e - 5 scrolls of identify {unknown}
 n - a scroll of immolation {unknown}
Potions
 a - a potion of lignification
 k - a potion of enlightenment {unknown}
 l - a potion of brilliance {unknown}
 m - a potion of might {unknown}
 p - a potion of resistance {unknown}


   Skills:
 - Level 1.1 Fighting
 - Level 1.7 Dodging
 - Level 3.0 Unarmed Combat
 + Level 4.2 Shapeshifting


You had 2 spell levels left.
You didn't know any spells.
Your spell library was empty.

Dungeon Overview and Level Annotations

Branches:
Dungeon (2/15) Zot: 10934

Altars:

Annotations:
D:1 exclusion: 2 downstairs
D:2 exclusion: gnoll


Innate Abilities, Weirdness & Mutations

You are a tree.
Your roots penetrate the ground, keeping you stationary.
You cannot be teleported.
You are immune to unholy pain and torment.
Your maximum health is greatly increased.
Your equipment is partially melded.
((Your plain brown scales are hard. (AC +5)))
You cannot fit into any form of body armour.
((You are cold-blooded and may be slowed by cold attacks.))


Message History

You are surrounded by a repulsion field.
You turn into a tree.
Your scarf of repulsion melds into your body.
The haze of the repulsion field disappears.
Your roots penetrate the ground.
The gnoll hits you with a +0 halberd!
* * * LOW HITPOINT WARNING * * *
You now have 15/42 hp.
You hit the gnoll.
The gnoll is heavily wounded.
The gnoll hits you but does no damage.
You hit the gnoll but do no damage.
The gnoll is heavily wounded.
The gnoll hits you but does no damage.
The gnoll shouts!
You smack the gnoll!
The gnoll is almost dead.
The gnoll hits you with a +0 halberd!
* * * LOW HITPOINT WARNING * * *
You take 7 damage, and have 9/42 hp.
As you read the scroll labelled COOS BEGHI, it crumbles to dust.
It is a scroll of enchant weapon.
You aren't carrying any weapons that can be enchanted.
The gnoll hits you but does no damage.
As you read the scroll labelled YFYGOR DING, it crumbles to dust.
You hear a loud clanging noise!
It was a scroll of noise.
The gnoll shouts!
You hear a shout!
The gnoll hits you with a +0 halberd.
* * * LOW HITPOINT WARNING * * *
The gnoll hits you but does no damage.
You take 2 damage, and have 7/42 hp.
As you read the scroll labelled QIONLI FYOSHEN, it crumbles to dust.
You feel a strange sense of stasis.
It was a scroll of teleportation.
The gnoll hits you with a +0 halberd.
* * * LOW HITPOINT WARNING * * *
The gnoll hits you but does no damage.
You take 5 damage, and have 2/42 hp.
As you read the scroll labelled TUCLOL XICU, it dissolves into smoke.
It was a scroll of fog.
The gnoll hits you with a +0 halberd.
You die...

#######.###.#
#.# #.# #.#
......# #.#
......#
#####.#
......#
#§§...#
......#
#§##### ......
#♣# .....
#..§§g§§.....
....#
#..#g#########
#.## ##.. #g
#..# ... #
##.# ..#
#.##.# #....#
##>###


You could see 2 gnolls.

Vanquished Creatures
  2 bats
  5 endoplasms
  A giant cockroach (D:1)
  2 goblins (D:1)
  4 hobgoblins (D:1)
  3 jackals (D:1)
  6 kobolds
  2 quokkas
  5 frilled lizards (D:1)
  3 rats
33 creatures vanquished.

Notes
Turn   | Place    | Note
-------+----------+-------------------------------------------
     0 | D:1      | 910rd the Draconian Shapeshifter began the quest for the
                  | Orb.
     0 | D:1      | Reached XP level 1. HP: 16/16 MP: 1/1
   121 | D:1      | You fall into a shaft and drop 1 floor!
   132 | D:2      | Reached XP level 2. HP: 18/23 MP: 2/2
   638 | D:1      | Reached skill level 4 in Shapeshifting
   685 | D:1      | Reached XP level 3. HP: 27/28 MP: 3/3
  1065 | D:2      | HP: 2/42 [gnoll/+0 halberd (5)]
  1066 | D:2      | Slain by a gnoll

Illustrated notes

Levels and vault maps discovered:
D:1:      dpeg_arrival_houses_and_road, layout_loops_ring
D:2:      layout_basic

Skill      XL: |  1  2 |
---------------+-------+-----
Shapeshifting  | 4 |  4.2
Fighting       | |  1.1
Dodging        | |  1.7
Unarmed Combat | |  3.0

Action                     || total
---------------------------++-------
  Melee: Unarmed           ||    65
         Tailslap          ||     6
         Punch             ||     2
    Use: Scroll            ||     4
         Potion            ||     1
 Armour: Skin              ||    36
  Dodge: Dodged            ||    46
         Form:             ||     1
         Beast             ||     1

Table legend: (Time is in decaauts)
 A = Elapsed time spent in this place.
 B = Non-inter-level travel time spent in this place.
 C = Inter-level travel time spent in this place.
 D = Time resting spent in this place.
 E = Time spent auto-exploring this place.
 F = Levels seen in this place.
 G = Mean time per level.
                   A        B        C        D        E       F      G
               +--------+--------+--------+--------+--------+-----+--------+
         Total |   1065 |   1024 |     41 |      0 |    702 |   2 |  532.5 |
       Dungeon |   1065 |   1024 |     41 |      0 |    702 |   2 |  532.5 |
               +--------+--------+--------+--------+--------+-----+--------+

Top non-repeatable levels by time:
     D:1: 785 daAuts
     D:2: 279 daAuts
